 Dungeon Crawl Stone Soup version 0.28-a0-1429-gf3d713df7a (webtiles) character file.

Game seed: 7761303954681354712

190 enile the Skirmisher (level 5, -1/51 HPs)
             Began as a Minotaur Wanderer on Jan 8, 2022.
             Was an Initiate of Yredelemnul.
             Slain by an ice beast (4 damage)
             ... on level 3 of the Dungeon.
             The game lasted 00:04:49 (2950 turns).

enile the Skirmisher (Minotaur Wanderer)            Turns: 2950, Time: 00:04:50

Health: -1/51      AC:  9    Str: 21    XL:     5   Next: 41%
Magic:  5/5        EV:  9    Int: 12    God:    Yredelemnul [......]
Gold:   73         SH:  0    Dex:  8    Spells: 5/6 levels left

rFire   + . .      SeeInvis .   p - +0 hand axe
rCold   + . .      Faith    .   (no shield)
rNeg    . . .      Spirit   .   c - +2 scale mail
rPois   +          Reflect  .   (helmet restricted)
rElec   +          Harm     .   (no cloak)
rCorr   +          Rampage  .   (no gloves)
Will    .....                   (no boots)
Stlth   ..........              (no amulet)
HPRegen 0.17/turn               i - ring of flight
MPRegen 0.09/turn               (no ring)

@: resistant, flying
A: horns 2, retaliatory headbutt, talons 1, agile 1, strong 1, no potion heal 1
a: Renounce Religion, Recall Undead Harvest


You were on level 3 of the Dungeon.
You worshipped Yredelemnul.
Yredelemnul was noncommittal.
You visited 1 branch of the dungeon, and saw 3 of its levels.

You collected 73 gold pieces.

Inventory:

Hand Weapons
 a - a +0 club
 p - a +0 hand axe (weapon)
Missiles
 g - 65 stones
 j - 14 poisoned darts (quivered)
Armour
 c - a +2 scale mail (worn)
 f - an orb of energy
 m - a +0 chain mail
Jewellery
 i - a ring of flight (left hand)
Wands
 b - a wand of flame (10)
Scrolls
 e - a scroll of holy word {unknown}
 l - a scroll of vulnerability {unknown}
 n - a scroll of identify {unknown}
 o - a scroll of fear {unknown}
Potions
 d - a potion of flight
 k - a potion of mutation


   Skills:
 + Level 6.3 Fighting
 - Level 3.0 Throwing
 - Level 4.0 Armour
 - Level 1.0 Spellcasting
 - Level 2.1 Ice Magic


You had 5 spell levels left.
You knew the following spells:

 Your Spells              Type           Power      Damage    Failure   Level
a - Freeze                Ice            20%        1d4       32%         1

Your spell library contained the following spells:

 Spells                   Type           Power      Damage    Failure   Level
 Ozocubu's Armour         Ice            5%         N/A       67%         3
 Ozocubu's Refrigeration  Ice            2%         4d5       100%        7


Dungeon Overview and Level Annotations

Branches:
Dungeon (3/15)

Altars:
Yredelemnul


Innate Abilities, Weirdness & Mutations

You have a pair of horns on your head.
You reflexively headbutt those who attack you in melee.
You have sharp toenails.
You are agile. (Dex +2)
Your muscles are strong. (Str +2)
Potions are less effective at restoring your health.


Message History

Terence hits you but does no damage. Terence hits you with a +0 short sword.
You hit Terence. You headbutt Terence, but do no damage.
Terence is almost dead.
Terence hits you with a +0 short sword.
* * * LOW HITPOINT WARNING * * *
Terence hits you but does no damage.
You barely miss Terence. You headbutt Terence.
You kill Terence!
A black mist starts to gather...
The ice beast hits you but does no damage.
Terence closely misses the ice beast.
You hit the ice beast but do no damage.
The ice beast is almost dead.
Terence hits the ice beast but does no damage.
The ice beast hits you. The ice beast freezes you. You resist.
* * * LOW HITPOINT WARNING * * *
Okay, then.
It was a potion of flight.
You feel more buoyant.
Terence barely misses the ice beast.
The ice beast hits you but does no damage.
It was a potion of mutation.
You feel extremely strange.
Your toenails lengthen and sharpen.
Your system partially rejects the healing effects of potions.
You feel stronger.
You feel agile. The ice beast hits you.
* * * LOW HITPOINT WARNING * * *
The ice beast freezes you. You resist.
* * * LOW HITPOINT WARNING * * *
Terence barely misses the ice beast.
Okay, then.
Press: ? - help, v - describe, . - travel
Here: an ice beast (severely wounded, ally target)
The floor.
You hit the ice beast but do no damage. Your kick misses the ice beast.
You headbutt the ice beast.
The ice beast is almost dead.
The ice beast hits you.
You die...
Your body rises from the dead as a mindless zombie.

......# # ........#.
........... #..........##
#........... #..........#
#..........#####
##..........@Y.#########..
#........<.###Z)..........
##..........#
###....(((...
............# #......(..#
#..........# #.........#
#..........# #.........#
##.>......## #..>......#
##......## #.........#
######## #.........#


You could see an ice beast (ally target) and the friendly Terence the human
zombie.

Vanquished Creatures
  Terence (D:3)
  Natasha (thrice) (D:2)
  2 adders (D:2)
  A worm (D:2)
  3 dart slugs (D:1)
  10 bats
  3 endoplasms
  A giant cockroach (D:3)
  3 goblins
  3 hobgoblins (D:1)
  11 jackals (D:1)
  6 quokkas
  3 ball pythons
  2 frilled lizards (D:1)
  4 kobolds (D:1)
  5 rats
61 creatures vanquished.

Vanquished Creatures (others)
  A rat zombie (D:3)
1 creature vanquished.

Grand Total: 62 creatures vanquished

Notes
Turn   | Place    | Note
-------+----------+-------------------------------------------
     0 | D:1      | enile the Minotaur Wanderer began the quest for the Orb.
     0 | D:1      | enile set off with the following items: a +0 club, a scroll
                  | of teleportation, a +2 scale mail; and the following spell
                  | memorised: Freeze; and the following spells available to
                  | memorise: Ozocubu's Armour
     0 | D:1      | Reached XP level 1. HP: 22/22 MP: 1/1
   119 | D:1      | Reached skill level 5 in Fighting
   181 | D:1      | Reached XP level 2. HP: 25/29 MP: 2/2
   564 | D:1      | Reached skill level 6 in Fighting
   587 | D:1      | Reached XP level 3. HP: 33/37 MP: 3/3
  1444 | D:2      | Reached XP level 4. HP: 44/44 MP: 4/4
  1811 | D:2      | Noticed Natasha
  1980 | D:2      | Killed Natasha
  1981 | D:2      | Reached skill level 1 in Throwing
  2470 | D:2      | Noticed Natasha
  2500 | D:2      | Killed Natasha
  2736 | D:2      | Noticed Natasha
  2747 | D:2      | Killed Natasha
  2748 | D:2      | Reached XP level 5. HP: 37/50 MP: 5/5
  2866 | D:2      | Found a faded altar of an unknown god.
  2877 | D:2      | Prayed at the altar of an unknown god.
  2877 | D:2      | Became a worshipper of Yredelemnul the Dark
  2877 | D:2      | Reached * piety under Yredelemnul
  2921 | D:3      | Noticed an ice beast
  2922 | D:3      | Noticed Terence
  2944 | D:3      | Killed Terence
  2949 | D:3      | Gained mutation: You have sharp toenails. [potion of
                  | mutation]
  2949 | D:3      | Gained mutation: Potions are less effective at restoring
                  | your health. [potion of mutation]
  2949 | D:3      | Gained mutation: Your muscles are strong. (Str +2) [potion
                  | of mutation]
  2949 | D:3      | Gained mutation: You are agile. (Dex +2) [potion of
                  | mutation]
  2950 | D:3      | Slain by an ice beast

Illustrated notes

Levels and vault maps discovered:
D:1:      minmay_arrival_split_and_join, layout_basic, minmay_hedge_maze,
          minmay_tall_x
D:2:      layout_basic, hellmonk_ecumenical_altar_heavens_door, uniq_natasha
D:3:      layout_rooms, cheibrodos_ashenzari_chains, uniq_jessica, uniq_terence,
          uniq_crazy_yiuf_cottage

Skill      XL: |  1  2  3  4 |
---------------+-------------+-----
Fighting       | 5 6 |  6.3
Armour         | 3 4 |  4.0
Throwing       | 3 |  3.0
Spellcasting   | |  1.0
Ice Magic      | |  2.1

Action                   |  1- 3 |  4- 6 || total
-------------------------+-------+-------++-------
Melee: Club              |   128 |    26 ||   154
       Headbutt          |    18 |    12 ||    30
       Hand axe          |       |    29 ||    29
       Punch             |       |     1 ||     1
Throw: Dart              |       |    19 ||    19
 Cast: Freeze            |     2 |       ||     2
  Use: Scroll            |       |     2 ||     2
       Potion            |       |     3 ||     3
Armor: Scale mail        |    96 |    39 ||   135
Dodge: Dodged            |    98 |    33 ||   131

Table legend: (Time is in decaauts)
 A = Elapsed time spent in this place.
 B = Non-inter-level travel time spent in this place.
 C = Inter-level travel time spent in this place.
 D = Time resting spent in this place.
 E = Time spent auto-exploring this place.
 F = Levels seen in this place.
 G = Mean time per level.
                   A        B        C        D        E       F      G
               +--------+--------+--------+--------+--------+-----+--------+
         Total |   3010 |   2957 |     53 |      0 |   2426 |   3 | 1003.3 |
       Dungeon |   3010 |   2957 |     53 |      0 |   2426 |   3 | 1003.3 |
               +--------+--------+--------+--------+--------+-----+--------+

Top non-repeatable levels by time:
     D:2: 1564 daAuts
     D:1: 1395 daAuts
     D:3: 51 daAuts
